 Dungeon Crawl Stone Soup version 0.23.1 (webtiles) character file.

Game seed: 14731327647750762450

85 Jager373 the Slasher (level 4, 0/40 HPs)
             Began as a Draconian Berserker on Mar 4, 2019.
             Was a Follower of Trog.
             Slain by Natasha (5 damage)
             ... on level 2 of the Dungeon.
             The game lasted 00:04:15 (450 turns).

Jager373 the Slasher (Draconian Berserker)           Turns: 450, Time: 00:04:15

Health: 0/40       AC:  5    Str: 20    XL:     4   Next: 25%
Magic:  4/4        EV: 13    Int:  7    God:    Trog [*.....]
Gold:   33         SH:  0    Dex: 11    Spells: 3/3 levels left

rFire    + . .     SeeInvis .   a - +0 falchion
rCold    + + .     Gourm    .   (no shield)
rNeg     . . .     Faith    .   (armour unavailable)
rPois    +         Spirit   .   (helmet restricted)
rElec    +         Reflect  .   (no cloak)
rCorr    +         Harm     .   (no gloves)
MR       .....                  (no boots)
Stlth    +.........             h - amulet of regeneration
HPRegen  0.53/turn              i - ring of protection from cold
MPRegen  0.09/turn              (no ring)

@: resistant
A: unfitting armour, cold-blooded, AC +5
a: Berserk, Renounce Religion


You were on level 2 of the Dungeon.
You worshipped Trog.
Trog was aware of your devotion.
You were not hungry.

You visited 1 branch of the dungeon, and saw 2 of its levels.

You collected 33 gold pieces.

Inventory:

Hand Weapons
 a - a +0 falchion (weapon)
 j - a +0 spear
Missiles
 c - 43 stones (quivered)
 d - 14 sling bullets
Jewellery
 h - an amulet of regeneration (around neck)
 i - a ring of protection from cold (left hand)
Wands
 l - a wand of random effects (19)
Scrolls
 k - a scroll of teleportation {unknown}
Potions
 f - a potion of mutation {unknown}
 g - 2 potions of might {unknown}
Comestibles
 b - 3 rations
 m - 2 chunks of flesh


   Skills:
 + Level 3.9 Fighting
 * Level 4.3 Long Blades
 + Level 3.2 Dodging


You had 3 spell levels left.
You didn't know any spells.
Your spell library was empty.

Dungeon Overview and Level Annotations

Branches:
Dungeon (2/15)

Altars:

Annotations:
D:2 Natasha


Innate Abilities, Weirdness & Mutations

Your plain brown scales are hard. (AC +5)
You cannot fit into any form of body armour.
You are cold-blooded and may be slowed by cold attacks.


Message History

The white imp gestures at you. The puff of frost hits you. You resist.
* * * LOW HITPOINT WARNING * * *
The white imp disappears for a moment.
The white imp gestures at you. The puff of frost hits you. You resist.
* * * LOW HITPOINT WARNING * * *
Natasha casts a spell.
The crimson imp blinks!
The crimson imp blinks!
Found a scroll labeled OTHEAN MEERE.
The white imp disappears in a puff of smoke!
Natasha wildly gestures.
You feel disoriented.
You closely miss Natasha.
Your tail-slap misses Natasha.
Natasha closely misses you.
You riposte.
You barely miss Natasha. You slash Natasha!
Your tail-slap misses Natasha.
Natasha is severely wounded.
Natasha claws you.
You die...

.. #...# #. #...# ####.
#...# . .....###
#####...#### ..##
#...####)...†......
.>..##...5.5h..(........
#....÷§####...........
..#....h..#######...####
.......@.#.# #...#
####......## #...#
.........## #...#
###.####.# ##.## ... #.#
?#. ..# ###


You could see an iron imp and Natasha.

Vanquished Creatures
  Natasha (twice) (D:2)
  Terence (D:2)
  A dart slug (D:1)
  2 giant cockroaches
  2 goblins (D:1)
  A bat (D:1)
  A kobold (D:1)
  3 rats
13 creatures vanquished.

Notes
Turn   | Place    | Note
-------+----------+-------------------------------------------
     0 | D:1      | Jager373 the Draconian Berserker began the quest for the
                  | Orb.
     0 | D:1      | Reached XP level 1. HP: 19/19 MP: 1/1
   127 | D:1      | Reached XP level 2. HP: 26/26 MP: 2/2
   259 | D:2      | Noticed Natasha
   260 | D:2      | Noticed a crimson imp
   283 | D:2      | Killed Natasha
   283 | D:2      | Reached XP level 3. HP: 16/33 MP: 3/3
   352 | D:2      | Noticed Terence
   373 | D:2      | Killed Terence
   373 | D:2      | Reached skill level 4 in Long Blades
   378 | D:2      | Noticed Natasha
   389 | D:2      | Killed Natasha
   389 | D:2      | Reached XP level 4. HP: 15/40 MP: 4/4
   420 | D:2      | Noticed Natasha
   436 | D:2      | HP: 2/40 [white imp/puff of frost[Natasha] (2)]
   441 | D:2      | HP: 2/40 [white imp/puff of frost[Natasha] (3)]
   450 | D:2      | Slain by Natasha

Skill      XL: |  1  2  3 |
---------------+----------+-----
Dodging        | 3 |  3.2
Long Blades    | 4 |  4.3
Fighting       | |  3.9

Action                   |  1- 3 |  4- 6 || total
-------------------------+-------+-------++-------
Melee: Falchion          |    55 |     7 ||    62
       Tailslap          |    11 |     1 ||    12
  Use: Potion            |       |     1 ||     1
Armor: Skin              |    21 |     4 ||    25
Dodge: Dodged            |    48 |     9 ||    57
       Rpst.: Falchion   |    19 |     4 ||    23
